 Dungeon Crawl Stone Soup version 0.30-a0-883-g5ad918d77d (webtiles) character file.

Game seed: 13412486682060783878

3187 Pimp the Covered (level 9, -1/80 HPs)
             Began as an Armataur Fighter on Mar 16, 2023.
             Was a Priest of Okawaru.
             Slain by Psyche
             ... wielding a +3 dagger of chaos
              (5 damage)
             ... on level 8 of the Dungeon.
             The game lasted 00:15:51 (8204 turns).

Pimp the Covered (Armataur Fighter)                 Turns: 8204, Time: 00:15:52

Health: -1/80      AC: 15    Str: 23    XL:     9   Next: 64%
Magic:  9/9        EV: 10    Int:  9    God:    Okawaru [***...]
Gold:   469        SH:  6    Dex: 12    Spells: 8/8 levels left

rFire   . . .      SeeInvis .    a - +2 war axe
rCold   . . .      Faith    .    c - +1 buckler
rNeg    . . .      Spirit   .    l - +0 plate armour
rPois   +          Reflect  .    (no helmet)
rElec   .          Roll     +    w - +0 cloak
rCorr   .                        m - +1 pair of gloves
Will    .....                    (no barding) Stlth
                                 (no amulet)
HPRegen 0.33/turn                g - ring of poison resistance
MPRegen 0.11/turn                (no ring)

@: agile, flying
A: large, rugged brown scales 3, deformed body, armoured tail, roll, long
tongue, awkward tongue, stinger 1, mutation resistance 1
a: Renounce Religion, Heroism


You were on level 8 of the Dungeon.
You worshipped Okawaru.
Okawaru was most pleased with you.
You visited 2 branches of the dungeon, and saw 9 of its levels.
You visited the Abyss 1 time.

You collected 469 gold pieces.

Inventory:

Hand Weapons
 a - a +2 war axe (weapon)
 o - the +9 sling of Conscience {drain, rC+ Int+3}
   (You took it off an orc priest on level 6 of the Dungeon)

   Int:       It affects your intelligence (+3).
   rC:        It protects you from cold.
Missiles
 d - 27 stones
Armour
 b - a +0 scale mail
 c - a +1 buckler (worn)
 l - a +0 plate armour (worn)
 m - a +1 pair of gloves (worn)
 w - a +0 cloak (worn)
Jewellery
 g - a ring of poison resistance (left hand)
 u - a ring of wizardry
Wands
 h - a wand of acid (4)
 p - a wand of polymorph (8) (quivered)
Scrolls
 e - 5 scrolls of identify
 j - a scroll of immolation
 s - a scroll of teleportation
 v - a scroll of poison
Potions
 f - a potion of lignification
 i - 2 potions of mutation
 k - 2 potions of flight
 q - a potion of brilliance {unknown}
 r - a potion of degeneration {unknown}


   Skills:
 + Level 5.8 Fighting
 * Level 6.7 Axes
 + Level 7.6 Armour
 + Level 3.8 Dodging
 + Level 7.0 Shields


You had 8 spell levels left.
You didn't know any spells.
Your spell library contained the following spells:

 Spells                   Type           Power      Damage    Failure   Level
 Freeze                   Ice            0%         1d3       100%        1
 Shock                    Conj/Air       0%         1d3       100%        1
 Dazzling Flash           Conj/Hex       0%         N/A       100%        3
 Frozen Ramparts          Ice            0%         1d1       100%        3
 Hailstorm                Conj/Ice       0%         3d3       100%        3
 Swiftness                Air            0%         N/A       100%        3
 Airstrike                Air            0%         2d(0-16)  100%        4
 Iskenderun's Mystic Bla  Conj/Tloc      0%         2d3       100%        4
 Starburst                Conj/Fire      0%         6d3       100%        6


Dungeon Overview and Level Annotations

Branches:
Dungeon (8/15)             Temple (1/1) D:5
   Lair: D:8-11

Altars:
Ashenzari
Cheibriados
Elyvilon
Fedhas
Kikubaaqudgha
Okawaru
Uskayaw
Vehumet
The Shining One

Shops:
D:3 =   D:4 (

Annotations:
D:5 1 runed translucent door, Sanktem7's ghost, novice MiFi
D:8 Psyche


Innate Abilities, Weirdness & Mutations

You are completely covered in rugged brown scales. (AC +3, +7% HP)
Armour fits poorly on your strangely shaped body.
You have a long armoured tail.
You roll when moving toward enemies. (Rampage)
Your long tongue fully drains potion bottles. (2x potion effects)
Your tongue gives you trouble enunciating. (1.5x scroll delay)
Your tail ends in a venomous barb.
You are somewhat resistant to further mutation.


Message History

The tentacled starspawn completely resists.
The tentacled starspawn attacks as you move away!
The tentacled starspawn barely misses you.
You block the tentacled starspawn's attack.
The tentacled starspawn is engulfed in seething chaos.
The tentacled starspawn is engulfed in seething chaos.
The tentacled starspawn is moving more slowly.
You hit the tentacled starspawn but do no damage.
The tentacled starspawn is lightly damaged.
Okay, then.
The tentacled starspawn stops moving altogether!
Found a gateway leading out of the Abyss.
The apocalypse crab breathes chaos at you.
The blast of chaos engulfs you!
* * * LOW HITPOINT WARNING * * *
You are engulfed in seething chaos.
A chorus of shrieks assaults your mind.
* * * LOW HITPOINT WARNING * * *
There is a gateway leading out of the Abyss here.
Tentacles burst from the starspawn's body!
The apocalypse crab breathes chaos at you.
The blast of chaos engulfs you!
You feel agile all of a sudden.
You pass through the gate.
Welcome back to the Dungeon!
Level annotation: Psyche Psyche laughs secretively.
Psyche hits you with a +3 dagger of chaos.
* * * LOW HITPOINT WARNING * * *
Okay, then.
You slash Psyche!
Psyche is moderately wounded.
Psyche barely misses you.
Psyche hits you with a +3 dagger of chaos.
* * * LOW HITPOINT WARNING * * *
You slurp down every last drop of the potion of flight!
You feel very buoyant.
You fly up into the air.
Psyche hits you with a +3 dagger of chaos.
You die...

....#.....#......#...........#...
....#.....#......#...........#...
....#.....#......#...........#...
....+.....#......#...........#...
....##+####......#......##...#...
....# #......#......###'##...
....# #......#...........'...
....# #.....@#...........#...
....# #.....@#...†.......#...
....# #......#...........#...
....# #......#...........#...
#......#......######...
#......#......#........
#......########........ #.......
........... #....... ...........
........###


You could see Psyche.

Vanquished Creatures
  A wraith (D:6)
  A human (D:5)
  2 steam dragons (D:8)
  2 water moccasins
  An orc warrior (D:6)
  2 sky beasts
  A black bear (D:5)
  3 ice beasts
  2 ogres
  A lemure (D:4)
  2 phantoms
  2 kobold brigands
  A gnoll sergeant (D:4)
  3 scorpions
  5 bullfrogs
  4 howler monkeys
  3 hounds
  2 jellies
  A sleepcap (D:7)
  2 orc priests (D:6)
  Jessica (D:3)
  2 iguanas
  2 orc wizards (D:6)
  Terence (D:3)
  Robin (D:3)
  7 gnolls
  5 adders
  A shadow imp (D:7)
  A white imp (D:5)
  4 ufetubi
  A worm (D:2)
  A dart slug (D:2)
  17 orcs
  5 ball pythons
  8 bats
  12 endoplasms
  2 giant cockroaches
  7 goblins
  6 hobgoblins
  8 jackals
  8 kobolds
  A quokka (D:4)
  4 frilled lizards
  2 rats (D:2)
148 creatures vanquished.

Vanquished Creatures (others)
  2 starspawn tentacles (Abyss:1)
2 creatures vanquished.

Grand Total: 150 creatures vanquished

Notes
Turn   | Place    | Note
-------+----------+-------------------------------------------
     0 | D:1      | Pimp the Armataur Fighter began the quest for the Orb.
     0 | D:1      | Reached XP level 1. HP: 19/19 MP: 1/1
   386 | D:1      | Reached XP level 2. HP: 26/26 MP: 2/2
   969 | D:2      | Reached XP level 3. HP: 33/33 MP: 3/3
  1739 | D:3      | Noticed Terence
  1746 | D:3      | Killed Terence
  1747 | D:3      | Reached XP level 4. HP: 31/40 MP: 4/4
  1811 | D:3      | Found Oghal's Jewellery Shop.
  2007 | D:3      | Noticed Jessica
  2018 | D:3      | Killed Jessica
  2330 | D:3      | Noticed Robin
  2339 | D:3      | Killed Robin
  2463 | D:3      | Reached XP level 5. HP: 48/48 MP: 5/5
  2497 | D:4      | Found Faklyd's Antique Weapon Emporium.
  2548 | D:4      | Reached skill level 1 in Dodging
  2776 | D:4      | Found a hide-covered altar of Uskayaw.
  2776 | D:4      | Found a glowing golden altar of the Shining One.
  2784 | D:4      | Found a blossoming altar of Fedhas.
  2787 | D:4      | Found a faded altar of an unknown god.
  2789 | D:4      | Found a white marble altar of Elyvilon.
  2839 | D:4      | Reached XP level 6. HP: 55/55 MP: 6/6
  3305 | D:3      | Gained mutation: You are somewhat resistant to further
                  | mutation. [potion of mutation]
  3305 | D:3      | Gained mutation: Your tail ends in a venomous barb. [potion
                  | of mutation]
  3331 | D:4      | Reached skill level 5 in Armour
  3790 | D:5      | Entered Level 5 of the Dungeon
  3843 | D:5      | Reached XP level 7. HP: 35/63 MP: 7/7
  3958 | D:5      | Found a runed translucent door.
  3960 | D:5      | Noticed Sanktem7's ghost (novice MiFi)
  4092 | D:5      | Noticed Pikel
  4451 | D:5      | Pikel changed into Pikel the human
  4451 | D:5      | Noticed Pikel
  4461 | D:5      | Killed Pikel the human
  4461 | D:5      | HP: 2/94 [iguana (5)]
  4462 | D:5      | Reached skill level 5 in Shields
  4467 | D:5      | HP: 1/94 [iguana (4)]
  4699 | D:5      | Found a staircase to the Ecumenical Temple.
  4744 | Temple   | Entered the Ecumenical Temple
  4767 | Temple   | Became a worshipper of Warmaster Okawaru
  4817 | D:5      | Found a radiant altar of Vehumet.
  5288 | D:6      | Reached XP level 8. HP: 57/71 MP: 8/8
  5513 | D:6      | Reached * piety under Okawaru
  5514 | D:6      | Reached skill level 5 in Axes
  5829 | D:6      | Identified the +9 sling of Conscience {drain, rC+ Int+3}
  5877 | D:6      | HP: 3/71 [orc warrior/+0 halberd (15)]
  5886 | D:6      | Reached skill level 5 in Fighting
  5889 | D:6      | HP: 1/72 [something (4)]
  6402 | D:6      | Reached ** piety under Okawaru
  6417 | D:6      | Reached XP level 9. HP: 41/79 MP: 9/9
  7856 | D:8      | Reached *** piety under Okawaru
  8057 | D:8      | Noticed Psyche
  8061 | Abyss:1  | Cast into level 1 of the Abyss (Psyche)
  8150 | Abyss:1  | Noticed an eye of devastation
  8161 | Abyss:1  | Noticed an apocalypse crab
  8171 | Abyss:1  | Noticed a starcursed mass
  8171 | Abyss:1  | Noticed a tentacled starspawn
  8181 | Abyss:1  | Found a corrupted altar of Lugonu.
  8202 | D:8      | Escaped the Abyss
  8203 | D:8      | HP: 4/80 [Psyche/+3 dagger of chaos (6)]
  8204 | D:8      | Slain by Psyche

Illustrated notes

Levels and vault maps discovered:
D:1:      co_arrival_random_square_maze, layout_loops_ring
D:2:      minmay_evil_eye, layout_basic
D:3:      layout_loops_ring, serial_shops, shop, feat_on_display, uniq_terence,
          uniq_robin, uniq_jessica
D:4:      layout_basic, chequers_temple_overflow_minitemple,
          nicolae_stop_n_shop_2, lightli_minifort
D:5:      layout_cave_pools, vehumet_crystals, minmay_temple_entry_ruins,
          hellmonk_ghost_happy_afterlife, hangedman_decor_push, uniq_pikel
D:6:      nicolae_whirlpool, layout_rooms
D:7:      layout_basic
D:8:      layout_gridville, uniq_psyche
Temple:   minmay_crystal_spiral_temple

Skill      XL: |  1  2  3  4  5  6  7  8  9 |
---------------+----------------------------+-----
Armour         | 4 5 6 7 |  7.6
Fighting       | 3 4 5 |  5.8
Axes           | 2 3 4 5 6 |  6.7
Shields        | 4 5 6 7 |  7.0
Dodging        | 1 2 3 |  3.8

Action                     |  1- 3 |  4- 6 |  7- 9 || total
---------------------------+-------+-------+-------++-------
  Melee: War axe           |    98 |    98 |   319 ||   515
         Tailslap          |    10 |    10 |    39 ||    59
   Fire: Sling             |       |       |     1 ||     1
  Evoke: Wand              |       |       |     3 ||     3
    Use: Scroll            |     6 |     2 |     7 ||    15
         Potion            |       |    10 |    10 ||    20
   Stab: Invisible         |       |     2 |       ||     2
         Confused          |       |       |     1 ||     1
 Armour: Scale mail        |    78 |    27 |       ||   105
         Skin              |       |    11 |     5 ||    16
         Plate armour      |       |    41 |   264 ||   305
  Dodge: Dodged            |    52 |    32 |    85 ||   169
  Block: Buckler           |    37 |    36 |   124 ||   197

Table legend: (Time is in decaauts)
 A = Elapsed time spent in this place.
 B = Non-inter-level travel time spent in this place.
 C = Inter-level travel time spent in this place.
 D = Time resting spent in this place.
 E = Time spent auto-exploring this place.
 F = Levels seen in this place.
 G = Mean time per level.
                   A        B        C        D        E       F      G
               +--------+--------+--------+--------+--------+-----+--------+
         Total |   8389 |   8072 |    317 |   1949 |   4435 |  10 |  838.9 |
       Dungeon |   8204 |   7887 |    317 |   1949 |   4435 |   8 | 1025.5 |
        Temple |     42 |     42 |      0 |      0 |      0 |   1 |   42.0 |
         Abyss |    141 |    141 |      0 |      0 |      0 |   1 |  141.0 |
               +--------+--------+--------+--------+--------+-----+--------+

Top non-repeatable levels by time:
     D:6: 1484 daAuts
     D:4: 1358 daAuts
     D:5: 1231 daAuts
     D:3: 1037 daAuts
     D:2: 930 daAuts
     D:1: 850 daAuts
     D:7: 788 daAuts
     D:8: 524 daAuts
 Abyss:1: 141 daAuts
  Temple: 42 daAuts
